Map: Central Protocol

Players

juhyg

  • Race: Protoss Protoss
  • League: Bronze

Battlebug - Winner!

  • Race: Zerg Zerg
  • League: Silver

VOD

Have the link to the VOD?

Description

Time

  • Played on: Feb. 5, 2016, 5:27 p.m.
  • Length: 9:42
Show
View Real Time Build Order
Export as new Build Order

juhyg Protoss 

Build Orders:  

Get SALT Encoding   

  12  0:15  Pylon  
  12  0:22  Probe (Chrono Boost)  
  13  0:33  Probe (Chrono Boost)  
  14  0:37  Gateway  
  14  0:42  Pylon  
  14  0:49  Assimilator  
  14  0:52  Probe (Chrono Boost)  
  15  1:02  Probe (Chrono Boost)  
  16  1:13  Probe (Chrono Boost)  
  17  1:23  Probe (Chrono Boost)  
  18  1:30  Cybernetics Core  
  18  1:31  Pylon  
  18  1:34  Probe (Chrono Boost)  
  18  1:37  Pylon  
  19  2:15  Robotics Facility  
  19  2:20  Warp Gate  
  19  2:34  Gateway  
  19  2:35  Gateway  
  19  2:48  Assimilator, Probe (Chrono Boost)  
  20  2:59  Probe (Chrono Boost)  
  21  3:06  Warp Prism  
  21  3:10  Mothership Core (Chrono Boost)  
  25  3:28  Probe (Chrono Boost)  
  26  3:41  Robotics Bay  
  26  3:57  Stalker  
  28  4:29  Disruptor (Chrono Boost)  
  31  4:36  Zealot x2  
  35  4:47  Zealot  
  37  5:13  Immortal (Chrono Boost)  
  41  5:21  Zealot x3  
  47  6:11  Pylon  
  47  6:12  Pylon  
  47  6:13  Pylon  
  47  6:15  Pylon  
  47  6:17  Pylon  
  42  6:18  Pylon  
  42  6:24  Stalker x2  
  46  6:30  Colossus (Chrono Boost)  
  52  6:41  Stalker  
  54  6:50  Stalker x2  
  58  7:09  Stalker  
  58  7:14  Stalker x2  
  64  7:24  Immortal (Chrono Boost)  
  68  7:34  Stalker  
  70  7:40  Stalker  
  72  7:58  Colossus (Chrono Boost)  
  78  8:01  Stalker x2  
  82  8:07  Stalker  
  66  8:48  Stalker x2  
  66  8:49  Stalker  
  42  9:28  Stalker  
  42  9:29  Stalker x2  
Show
View Real Time Build Order
Export as new Build Order

Battlebug Zerg - Winner!

Build Orders: Pool First 

Get SALT Encoding   

  12  0:08  Drone  
  13  0:21  Drone  
  14  0:30  Spawning Pool  
  14  0:31  Drone  
  14  0:41  Overlord  
  14  0:59  Drone  
  14  1:00  Drone x2  
  17  1:07  Extractor  
  17  1:10  Extractor  
  15  1:12  Drone  
  16  1:24  Drone  
  17  1:42  Drone  
  17  1:43  Queen  
  20  1:49  Zergling x2  
  21  2:10  Hatchery  
  20  2:28  Lair  
  20  2:32  Drone x2  
  20  2:36  Overlord  
  22  3:08  Drone  
  22  3:12  Drone  
  24  3:25  Drone x4  
  28  3:29  Queen  
  30  3:42  Spire  
  29  3:52  Drone x5  
  29  3:53  Drone  
  35  4:04  Extractor  
  35  4:05  Extractor  
  35  4:06  Drone x2  
  35  4:18  Drone  
  35  4:20  Overlord x2  
  36  4:26  Overseer  
  36  4:39  Drone x5  
  41  4:51  Spire  
  40  5:06  Lair  
  40  5:09  Drone x4  
  40  5:10  Drone x2  
  46  5:19  Hatchery  
  45  5:21  Mutalisk x2  
  45  5:28  Zerg Flyer Weapons Level 1  
  49  5:30  Drone  
  46  5:44  Extractor  
  46  5:46  Mutalisk x3, Extractor  
  50  6:03  Mutalisk  
  48  6:06  Drone x4  
  52  6:14  Overlord x4  
  52  6:30  Mutalisk  
  54  6:42  Drone x2  
  56  7:01  Infestation Pit  
  55  7:02  Mutalisk x2  
  55  7:06  Zergling x12  
  65  7:11  Queen  
  67  7:30  Mutalisk x2  
  67  7:31  Mutalisk  
  73  7:46  Hive  
  73  7:55  Drone x4  
  73  7:56  Drone x5  
  82  8:05  Mutalisk x3  
  74  8:41  Mutalisk x3  
  74  8:42  Mutalisk x2  
  56  9:09  Mutalisk x4  
  64  9:23  Drone x2  
  64  9:24  Drone x2  
Tags
 
Add a new tag
Caveats
  • Supply blocks, unpowered buildings, or Contaminate may cause inaccurate times.
  • Supply counts are checked every 10 seconds.